[Event "Titled Tuesday Blitz April 11 Late 2023"]
[White "Kujawski, Adam"]
[Black "Sarkar, Justin"]
[WhiteFideId "1100920"]
[BlackFideId "2010011"]
[WhiteElo "2054"]
[BlackElo "2189"]
[Result "0-1"]
[Round "10"]
[TimeControl "180+2"]
[Date "2023.04.11"]
[WhiteClock "0:00:02"]
[BlackClock "0:00:02"]

1. e4 e5 2. Nf3 Nc6 3. Bb5 Qf6 4. Nc3 Nge7 5. O-O a6 6. Ba4 Nd4 7. Nxd4 exd4 8. Nd5 Nxd5 9. exd5 Be7 10. f4 O-O 11. f5 d3 12. Kh1 Qh4 13. Qe1 dxc2 14. Qxh4 Bxh4 15. Bxc2 d6 16. d4 Bf6 17. Be3 Re8 18. Rae1 Bd7 19. Bg1 Rxe1 20. Rxe1 Re8 21. Rxe8+ Bxe8 22. g4 Bb5 23. Kg2 Bc4 24. Be4 Bxa2 25. Be3 a5 26. g5 Be7 27. h4 b5 28. Kf3 Bc4 29. Bd2 b4 30. Ke3 f6 31. Kf2 fxg5 32. hxg5 Kf7 33. Kg3 Bd8 34. Kg4 Be7 35. g6+ hxg6 36. fxg6+ Kf8 37. Kf5 Bf6 38. Ke6 Bxd4 39. Kd7 Bb3 40. Bg5 Bxb2 41. Be7+ Kg8 42. Kxc7 a4 43. Bxd6 a3 0-1


[Site "https://www.chess.com"]

[Event "Titled Tuesday Blitz April 11 Late 2023"]
[White "Romero Ruscalleda, Josep"]
[Black "Perez Rodriguez, Jennifer"]
[WhiteFideId "2231859"]
[BlackFideId "3507831"]
[WhiteElo "2183"]
[BlackElo "2116"]
[Result "0-1"]
[Round "10"]
[TimeControl "180+2"]
[Date "2023.04.11"]
[WhiteClock "0:00:19"]
[BlackClock "0:00:40"]

1. e4 e5 2. Nf3 Nc6 3. Bc4 Bc5 4. c3 Nf6 5. d3 d6 6. O-O a5 7. a4 O-O 8. h3 h6 9. d4 Bb6 10. Re1 Re8 11. dxe5 dxe5 12. Qe2 Nh5 13. Ng5 hxg5 14. Qxh5 Qf6 15. Be3 Bxe3 16. Rxe3 Be6 17. Nd2 Rad8 18. Bxe6 Rxe6 19. Nf3 Qh6 20. Qxg5 Qxg5 21. Nxg5 Red6 22. Nf3 f6 23. Re2 Rd1+ 24. Rxd1 Rxd1+ 25. Re1 Rd6 26. Kf1 Nd8 27. Ke2 Ne6 28. g3 Nc5 29. Nd2 Nxa4 30. Ra1 Nxb2 31. Rxa5 Rxd2+ 32. Kxd2 Nc4+ 33. Kd3 Nxa5 34. f4 Kf7 35. fxe5 fxe5 36. g4 g5 0-1


[Site "https://www.chess.com"]

[Event "Titled Tuesday Blitz April 11 Late 2023"]
[White "Prieto Aranguren, Alain"]
[Black "Gerbelli Neto, Eduardo"]
[WhiteFideId "2268906"]
[BlackFideId "2103281"]
[WhiteElo "2209"]
[BlackElo "2178"]
[Result "0-1"]
[Round "10"]
[TimeControl "180+2"]
[Date "2023.04.11"]
[WhiteClock "0:00:14"]
[BlackClock "0:00:08"]

1. e4 e5 2. Nf3 Nc6 3. Bb5 a6 4. Bxc6 dxc6 5. O-O Bg4 6. h3 h5 7. a4 Qf6 8. a5 Ne7 9. Ra3 Ng6 10. Rb3 Nf4 11. d4 Bxf3 12. Qxf3 Ne6 13. Qxf6 gxf6 14. dxe5 fxe5 15. Rxb7 O-O-O 16. Rb3 Nd4 17. Rd3 Nxc2 18. Rxd8+ Kxd8 19. Bg5+ Kc8 20. Nc3 Rg8 21. Bf6 Bd6 22. Rc1 Nd4 23. Kh2 Kd7 24. Na4 Rb8 25. Nc5+ Bxc5 26. Rxc5 Rxb2 27. Rxe5 c5 28. Re7+ Kd6 29. Rxf7 c6 30. e5+ Ke6 31. Re7+ Kd5 32. Rd7+ Ke4 33. Ra7 c4 34. Rxa6 Rxf2 35. Rb6 c3 36. Rb1 c2 37. Re1+ Kd5 38. a6 Nf3+ 39. Kg3 Nxe1 40. Bg5 Rf7 41. a7 Rxa7 42. Bd2 Ra1 43. e6 Kxe6 44. Kf2 c1=Q 45. Bxe1 Qxe1+ 46. Kf3 Ra3+ 47. Kf4 Qe5# 0-1


[Site "https://www.chess.com"]

[Event "Titled Tuesday Blitz April 11 Late 2023"]
[White "Cigan, Jason"]
[Black "Moreira, Ronaldo Alonso"]
[WhiteFideId "2064022"]
[BlackFideId "2110547"]
[WhiteElo "2000"]
[BlackElo "2037"]
[Result "0-1"]
[Round "10"]
[TimeControl "180+2"]
[Date "2023.04.11"]
[WhiteClock "0:00:03"]
[BlackClock "0:00:19"]

1. e4 e6 2. d4 d5 3. Nc3 Nf6 4. e5 Nfd7 5. f4 c5 6. Nf3 Nc6 7. Be3 Qb6 8. Na4 Qa5+ 9. c3 c4 10. b4 Nxb4 11. cxb4 Bxb4+ 12. Kf2 b5 13. Nb2 Be7 14. h4 Nb8 15. Qc2 Nc6 16. h5 Bd7 17. g4 b4 18. Bh3 Qb5 19. f5 a5 20. h6 g6 21. f6 Bd8 22. Na4 Nxd4 23. Nxd4 Qxa4 24. Qxa4 Bxa4 25. Bf1 O-O 26. Be2 Bb6 27. Bd1 Bxd1 28. Rhxd1 Bxd4 29. Bxd4 Rfc8 30. Ke3 c3 31. Kd3 Rc4 32. Rdc1 Rac8 33. g5 Kf8 34. Rab1 Ke8 35. a3 Kd7 36. axb4 axb4 37. Ra1 Kc6 38. Ra7 Rc7 39. Rca1 Rxa7 40. Rxa7 c2 41. Bb2 c1=Q 42. Bxc1 Rxc1 43. Rxf7 b3 44. Rf8 b2 45. Rc8+ Kd7 46. Rb8 b1=Q+ 47. Rxb1 Rxb1 0-1


[Site "https://www.chess.com"]

[Event "Titled Tuesday Blitz April 11 Late 2023"]
[White "Sariego Figueredo, Wilfredo"]
[Black "Rodriguez Santiago, Jaime"]
[WhiteFideId "3500080"]
[BlackFideId "3100898"]
[WhiteElo "2309"]
[BlackElo "2025"]
[Result "0-1"]
[Round "10"]
[TimeControl "180+2"]
[Date "2023.04.11"]
[WhiteClock "0:00:04"]
[BlackClock "0:00:14"]

1. d4 Nf6 2. Bf4 d5 3. e3 c5 4. c3 Nc6 5. Nd2 e6 6. Ngf3 cxd4 7. exd4 Nh5 8. Bg5 f6 9. Ne5 g6 10. Nxc6 bxc6 11. Be3 Rb8 12. Nb3 Bd6 13. Be2 Ng7 14. O-O O-O 15. Bh6 Rf7 16. Re1 Nf5 17. Bd2 Qc7 18. h3 e5 19. dxe5 fxe5 20. Bg4 Bd7 21. Be3 Kh8 22. Qe2 Rg8 23. Rad1 h5 24. Bxf5 gxf5 25. Bc5 Rfg7 26. Qxh5+ Rh7 27. Qf3 f4 28. Bxd6 Qxd6 29. Kf1 Bf5 30. Qe2 Rhg7 31. Qh5+ Bh7 32. Qxe5 Qxe5 33. Rxe5 Rxg2 34. Ke2 Rh2 35. Rh5 Rgg2 36. Rf1 Kg7 37. Nd4 Bg6 38. Re5 Kf6 39. Re6+ Kf7 40. Rxc6 Be4 41. Rc7+ Kg6 42. Rxa7 Rxh3 43. Ra6+ Kf7 44. Rb6 Bd3+ 45. Ke1 Bxf1 46. Kxf1 Rhh2 47. a4 Rxf2+ 48. Ke1 Rxb2 49. Rxb2 Rxb2 50. a5 Ra2 51. Nc6 Kf6 52. Kf1 Kf5 53. Nd4+ Ke4 54. Nb3 Ke3 55. a6 Rxa6 56. Nd4 Ra2 57. Kg1 f3 58. Nxf3 Kxf3 59. c4 dxc4 60. Kh1 Kg3 61. Kg1 Ra1# 0-1


[Site "https://www.chess.com"]

[Event "Titled Tuesday Blitz April 11 Late 2023"]
[White "Kohler, Aran"]
[Black "Sailer, Mike"]
[WhiteFideId "1002856"]
[BlackFideId "2012901"]
[WhiteElo "2010"]
[BlackElo "2109"]
[Result "1-0"]
[Round "10"]
[TimeControl "180+2"]
[Date "2023.04.11"]
[WhiteClock "0:00:12"]
[BlackClock "0:00:01"]

1. e4 d5 2. Nc3 dxe4 3. Nxe4 Qd5 4. Qe2 Bf5 5. Nc3 Qd7 6. d4 Nc6 7. Nf3 O-O-O 8. Be3 Nb4 9. Rc1 f6 10. a3 Nc6 11. d5 Nb8 12. Bxa7 e6 13. Nd4 exd5 14. Qd2 Re8+ 15. Be2 c5 16. Nxf5 Qxf5 17. Nxd5 Nc6 18. Bb6 Bd6 19. Ne3 Qf4 20. g3 Qd4 21. Rd1 Qxd2+ 22. Rxd2 Nd4 23. Bg4+ Kb8 24. c3 Nb5 25. a4 Bc7 26. Bxc5 Na7 27. O-O Nc6 28. b4 Nh6 29. b5 Nxg4 30. Nxg4 Ne5 31. Ne3 Nf3+ 32. Kg2 Nxd2 33. b6 Be5 34. Nd5 Ne4 35. Be3 Rd8 36. c4 Rc8 37. Rc1 Nd6 38. f4 Bb2 39. Rc2 Ba3 40. c5 Bxc5 41. Bxc5 Ne4 42. Nc7 Nxc5 43. Rxc5 Rhd8 44. a5 Rd2+ 45. Kh3 Ra2 46. a6 bxa6 47. Kg4 a5 48. h4 Kb7 49. h5 Kxb6 50. Nd5+ Kxc5 51. Ne7 Re8 52. Nf5 Rg8 53. Ne7 a4 54. Nxg8 a3 55. h6 Re2 56. hxg7 Re8 57. Nxf6 Rb8 58. Nd7+ Kd6 59. Nxb8 a2 60. g8=Q a1=Q 61. Qd8+ Kc5 62. Qc7+ Kd5 63. Qd7+ Kc5 64. Qc6+ Kb4 65. Qb6+ Kc4 66. Qc6+ Kb4 67. Qd6+ Kb5 68. Nd7 Qa8 69. f5 Qg8+ 70. Kf4 Qc4+ 71. Ke5 Qe2+ 72. Kf6 Qb2+ 73. Qe5+ Qxe5+ 74. Kxe5 1-0


[Site "https://www.chess.com"]

[Event "Titled Tuesday Blitz April 11 Late 2023"]
[White "Kostiukov, Alexandr"]
[Black "Barria Santos, Jose Guilherme"]
[WhiteFideId "14108100"]
[BlackFideId "1939300"]
[WhiteElo "2202"]
[BlackElo "2266"]
[Result "1-0"]
[Round "10"]
[TimeControl "180+2"]
[Date "2023.04.11"]
[WhiteClock "0:01:13"]
[BlackClock "0:00:20"]

1. e4 c6 2. d3 d5 3. g3 Nd7 4. Bg2 e6 5. Qe2 Ngf6 6. e5 Ng8 7. Nf3 Qc7 8. O-O Ne7 9. c4 Ng6 10. Re1 Be7 11. h4 h5 12. Nc3 b6 13. cxd5 cxd5 14. Nxd5 exd5 15. e6 Nf6 16. exf7+ Kxf7 17. Ng5+ Kg8 18. Bd2 Bg4 19. f3 Bc8 20. Rac1 Qxg3 21. Rxc8+ Rxc8 22. Qe6+ 1-0


[Site "https://www.chess.com"]

[Event "Titled Tuesday Blitz April 11 Late 2023"]
[White "Chemin, Justo Reinaldo"]
[Black "Rian, Kapriaga"]
[WhiteFideId "2101580"]
[BlackFideId "7103263"]
[WhiteElo "1940"]
[BlackElo "2089"]
[Result "1/2-1/2"]
[Round "10"]
[TimeControl "180+2"]
[Date "2023.04.11"]
[WhiteClock "0:00:12"]
[BlackClock "0:00:43"]

1. e4 c6 2. d4 d5 3. exd5 cxd5 4. Bd3 Nc6 5. c3 Qc7 6. Ne2 Bg4 7. f3 Bd7 8. Bf4 e5 9. dxe5 Nxe5 10. Bc2 Nf6 11. Qd4 Bd6 12. Nd2 O-O 13. O-O-O Rfe8 14. Rhe1 b5 15. Bg5 b4 16. Bxf6 gxf6 17. Qxd5 Be6 18. Qd4 bxc3 19. Nxc3 Rab8 20. Nde4 Be7 21. f4 Nc4 22. Nxf6+ Bxf6 23. Qxf6 Rxb2 24. Qg5+ Kh8 25. Qf6+ Kg8 26. Qg5+ Kh8 27. Qf6+ Kg8 1/2-1/2


[Site "https://www.chess.com"]

[Event "Titled Tuesday Blitz April 11 Late 2023"]
[White "Bulgurlu, Okan"]
[Black "Marin Masis, Jose Esteban"]
[WhiteFideId "6352316"]
[BlackFideId "6508146"]
[WhiteElo "1908"]
[BlackElo "1838"]
[Result "0-1"]
[Round "10"]
[TimeControl "180+2"]
[Date "2023.04.11"]
[WhiteClock "0:00:04"]
[BlackClock "0:00:12"]

1. e4 c5 2. Nf3 Nc6 3. d4 cxd4 4. Nxd4 Nf6 5. Nc3 e5 6. Ndb5 d6 7. Bg5 a6 8. Na3 b5 9. Nd5 Be7 10. Bxf6 Bxf6 11. c4 b4 12. Qa4 O-O 13. Nxb4 Nd4 14. Bd3 Bd7 15. Qd1 Qa5 16. Qd2 Rab8 17. Nac2 Nxc2+ 18. Nxc2 Qxd2+ 19. Kxd2 Rxb2 20. Rhb1 Rfb8 21. Rxb2 Rxb2 22. Kc3 Rb6 23. Ne3 Be6 24. Rb1 Rxb1 25. Bxb1 Bd8 26. Kb4 Bd7 27. Nd5 a5+ 28. Kc3 g6 29. Bc2 f5 30. f3 f4 31. Kb2 Kf7 32. Nc3 Ke6 33. Bd3 Bb6 34. a4 Bg1 35. h3 Bd4 36. Kb3 Bxc3 37. Kxc3 Bxa4 38. Be2 Bc6 39. h4 Kf6 40. Kb3 g5 41. c5 gxh4 42. cxd6 Ke6 43. Kc4 Kxd6 44. Bd1 h6 45. Bb3 Ke7 46. Ba2 Kd6 47. Bb3 a4 48. Ba2 Bd7 49. Kb4 Ke7 50. Bc4 Kd6 51. Ba2 h3 52. gxh3 Bxh3 53. Bc4 Bg2 54. Bf7 h5 55. Bxh5 a3 56. Kxa3 Kc5 57. Kb3 Kd4 58. Kb4 Ke3 59. Kc5 Bxf3 60. Bxf3 Kxf3 61. Kd5 Kg3 62. Kxe5 f3 63. Kd6 f2 64. e5 f1=Q 65. e6 Qd1+ 66. Ke7 Kg4 67. Kf8 Qf3+ 68. Kg7 Qc3+ 69. Kf7 Kf5 70. e7 Qc4+ 71. Kf8 Qc5 72. Kf7 Qc7 73. Kf8 Qd6 74. Kf7 Qg6+ 75. Kf8 Qf6+ 76. Ke8 Ke6 77. Kd8 Qxe7+ 78. Kc8 Kd6 79. Kb8 Kc6 0-1


[Site "https://www.chess.com"]

[Event "Titled Tuesday Blitz April 11 Late 2023"]
[White "Tarnowska, Aleksandra"]
[Black "Stanisz, Patryk"]
[WhiteFideId "1180967"]
[BlackFideId "1123106"]
[WhiteElo "1776"]
[BlackElo "2069"]
[Result "1-0"]
[Round "10"]
[TimeControl "180+2"]
[Date "2023.04.11"]
[WhiteClock "0:00:05"]
[BlackClock "0:00:09"]

1. e4 c6 2. d4 d5 3. Nc3 dxe4 4. Nxe4 Bf5 5. Ng3 Bg6 6. h4 h6 7. h5 Bh7 8. Nf3 Nd7 9. Bd3 Bxd3 10. Qxd3 e6 11. Bf4 Qa5+ 12. c3 Ngf6 13. Ne5 Nxe5 14. Bxe5 Be7 15. Ne4 Rd8 16. Nxf6+ gxf6 17. Bf4 c5 18. O-O-O cxd4 19. cxd4 Qxa2 20. Qb5+ Kf8 21. Qxb7 Kg7 22. Rh3 Rc8+ 23. Kd2 Qa5+ 24. Ke2 Rc2+ 25. Kf1 Re8 26. Rg3+ Kh7 27. Qe4+ Qf5 28. Qxf5+ exf5 29. Re3 Rxb2 30. Rde1 Rb7 31. Bd6 Rd7 32. Bxe7 Rxd4 33. Bxf6 Rxe3 34. Rxe3 Rd6 35. Bc3 Rc6 36. Bd4 Ra6 37. Re8 Ra2 38. Rh8# 1-0


[Site "https://www.chess.com"]

[Event "Titled Tuesday Blitz April 11 Late 2023"]
[White "Hartikainen, Jarmo"]
[Black "Antonova, Nadezhda"]
[WhiteFideId "503134"]
[BlackFideId "14700182"]
[WhiteElo "2108"]
[BlackElo "1765"]
[Result "0-1"]
[Round "10"]
[TimeControl "180+2"]
[Date "2023.04.11"]
[WhiteClock "0:00:06"]
[BlackClock "0:00:05"]

1. e4 c6 2. d4 d5 3. Nc3 dxe4 4. Nxe4 Bf5 5. Ng3 Bg6 6. h4 h6 7. Bc4 e6 8. N1e2 Bd6 9. Nf4 Bh7 10. Ngh5 Kf8 11. Be3 Nf6 12. Nxf6 Qxf6 13. Qd2 Nd7 14. O-O-O Nb6 15. Bd3 Bxd3 16. Nxd3 Nc4 17. Qe2 b5 18. g4 Ke7 19. g5 Qf5 20. gxh6 Nxe3 21. fxe3 Rxh6 22. Rdf1 Qh5 23. Qf2 Rf6 24. Qg2 Qh6 25. Qe4 Rh8 26. Nf4 Kd7 27. a3 a6 28. Kb1 Kc7 29. Ka2 Kb7 30. c4 Rc8 31. Qc2 Bxf4 32. exf4 Rxf4 33. Rxf4 Qxf4 34. cxb5 axb5 35. Qg2 Qxd4 36. h5 Qd5+ 37. Qxd5 cxd5 38. h6 gxh6 39. Rxh6 Rc7 40. Rh7 Kc6 41. Kb3 Kc5 42. Rh4 Re7 43. Kc3 f5 44. Kd2 e5 45. b4+ Kd6 46. Rh6+ Re6 47. Rh5 f4 48. Rh8 e4 49. Rd8+ Kc6 50. Rc8+ Kb7 51. Rf8 f3 52. Ke3 Rd6 53. Rf7+ Kb6 54. Kd4 Re6 55. Ke3 Rd6 56. Kd4 Kc6 57. Rf8 Kc7 58. Rf7+ Kb6 59. Rf5 Kc6 60. Rf8 Re6 61. Ke3 Kd6 62. Rd8+ Ke5 63. Rh8 d4+ 64. Kf2 e3+ 65. Kxf3 Rf6+ 66. Ke2 Rf2+ 67. Kd3 Rd2# 0-1


[Site "https://www.chess.com"]

[Event "Titled Tuesday Blitz April 11 Late 2023"]
[White "Vargas, Mauricio"]
[Black "Joubert, Dantelle"]
[WhiteFideId "4404572"]
[BlackFideId "14310813"]
[WhiteElo "1998"]
[BlackElo "1507"]
[Result "1-0"]
[Round "10"]
[TimeControl "180+2"]
[Date "2023.04.11"]
[WhiteClock "0:00:46"]
[BlackClock "0:00:18"]

1. e4 c5 2. Nc3 g6 3. f4 Bg7 4. Nf3 Nc6 5. d3 d6 6. g3 e6 7. Bg2 Nge7 8. O-O O-O 9. Ne2 Rb8 10. h3 b5 11. c3 b4 12. c4 d5 13. e5 dxc4 14. dxc4 Nf5 15. Qe1 Ba6 16. b3 Nfd4 17. Nexd4 Nxd4 18. Ng5 Nc2 19. Qf2 Nxa1 20. Be3 Nxb3 21. axb3 h6 22. Ne4 Bb7 23. Nd6 Bxg2 24. Qxg2 Qb6 25. Qf2 Rfc8 26. Nxc8 Rxc8 27. Rd1 Bf8 28. g4 a5 29. f5 a4 30. bxa4 b3 31. fxg6 fxg6 32. Qf6 Bg7 33. Qxg6 Kh8 34. Bxh6 Bxh6 35. Qxh6+ Kg8 36. Rd7 b2 37. Qg7# 1-0


[Site "https://www.chess.com"]

[Event "Titled Tuesday Blitz April 11 Late 2023"]
[White "Caruana, Fabiano"]
[Black "Kramnik, Vladimir"]
[WhiteFideId "2020009"]
[BlackFideId "4101588"]
[WhiteElo "2837"]
[BlackElo "2712"]
[Result "1-0"]
[Round "11"]
[TimeControl "180+2"]
[Date "2023.04.11"]
[WhiteClock "0:00:18"]
[BlackClock "0:00:02"]

1. e4 e6 2. d4 d5 3. exd5 exd5 4. Bd3 Bd6 5. Nf3 Ne7 6. O-O O-O 7. Re1 Bf5 8. Bxf5 Nxf5 9. Qd3 Qd7 10. Nc3 Nc6 11. Nxd5 Bxh2+ 12. Kxh2 Qxd5 13. c3 Qd6+ 14. Kg1 g6 15. Ng5 Kg7 16. Ne4 Qd5 17. Bf4 Rae8 18. Re2 Re7 19. Rae1 f6 20. Ng3 Rxe2 21. Nxf5+ gxf5 22. Rxe2 Kh8 23. b3 Qd7 24. Qe3 Rf7 25. Qe8+ Kg7 26. Re3 Qxe8 27. Rxe8 Ne7 28. c4 Ng6 29. Bd2 Rd7 30. Bc3 c6 31. f3 Kf7 32. Re3 Nf4 33. Kf2 Ne6 34. Rd3 Nf4 35. Re3 b5 36. g3 Ne6 37. Rd3 bxc4 38. bxc4 Nc5 39. Rd2 Na4 40. Ba5 Rb7 41. d5 cxd5 42. cxd5 Ke7 43. a3 Kd7 44. Bb4 Nb6 45. Rd4 Nc8 46. Rh4 Ke8 47. Ke3 a5 48. Bxa5 Rb3+ 49. Kf4 Rxa3 50. Bb4 Ra4 51. Kxf5 Kf7 52. Rxh7+ Kg8 53. Rb7 Kh8 54. Kg6 1-0


[Site "https://www.chess.com"]

[Event "Titled Tuesday Blitz April 11 Late 2023"]
[White "Naroditsky, Daniel"]
[Black "Hakobyan, Aram"]
[WhiteFideId "2026961"]
[BlackFideId "13306677"]
[WhiteElo "2633"]
[BlackElo "2584"]
[Result "1/2-1/2"]
[Round "11"]
[TimeControl "180+2"]
[Date "2023.04.11"]
[WhiteClock "0:00:20"]
[BlackClock "0:00:17"]

1. d4 Nf6 2. Nc3 d5 3. Bf4 c5 4. e4 Nxe4 5. Nxe4 dxe4 6. dxc5 Qa5+ 7. c3 Qxc5 8. Qa4+ Nc6 9. Qxe4 g6 10. Nf3 Bg7 11. Rd1 Bf5 12. Qa4 O-O 13. Be3 Qa5 14. Bb5 Qxa4 15. Bxa4 Be6 16. Bxc6 bxc6 17. O-O Bxa2 18. Rd7 a5 19. Ra1 Be6 20. Rxe7 Rfb8 21. Bc1 a4 22. Nd4 Bd5 23. Re2 c5 24. Nc2 Bb3 25. Na3 Re8 26. Be3 Rad8 27. h3 f5 28. Ree1 Bf8 29. Nb5 Rd7 30. Bf4 Rxe1+ 31. Rxe1 Kf7 32. f3 Be7 33. Kf2 g5 34. Bc1 f4 35. h4 h6 36. hxg5 hxg5 37. g3 fxg3+ 38. Kxg3 Kg6 39. Be3 Kf5 40. Kf2 Bc4 41. Na3 Bb3 42. Nb1 Ba2 43. Na3 Rb7 44. Re2 Bb3 45. Rd2 Ke6 46. Re2 Kf5 47. Rd2 Ke6 48. Re2 Kf5 1/2-1/2


[Site "https://www.chess.com"]

[Event "Titled Tuesday Blitz April 11 Late 2023"]
[White "Terry, Renato"]
[Black "Vachier-Lagrave, Maxime"]
[WhiteFideId "3803457"]
[BlackFideId "623539"]
[WhiteElo "2575"]
[BlackElo "2740"]
[Result "0-1"]
[Round "11"]
[TimeControl "180+2"]
[Date "2023.04.11"]
[WhiteClock "0:00:10"]
[BlackClock "0:01:40"]

1. Nf3 d5 2. d4 c6 3. c4 e6 4. e3 Nd7 5. b3 Bd6 6. Bb2 f5 7. Bd3 Ngf6 8. cxd5 Nxd5 9. O-O O-O 10. Nbd2 b6 11. Re1 Bb7 12. e4 Nf4 13. Bf1 c5 14. exf5 Rxf5 15. g3 Qf6 16. dxc5 Qxb2 17. cxd6 Raf8 18. gxf4 Rxf4 19. Bg2 Rg4 20. h3 Rg6 21. Ne4 Ne5 22. Kh1 Rxg2 23. Kxg2 Nxf3 24. Re2 Qe5 25. Ng3 Nd4+ 26. Kf1 Nxe2 27. Nxe2 Qe3 28. Ke1 Qxf2+ 29. Kd2 Rd8 30. Qe1 Rxd6+ 31. Kc3 Qe3+ 32. Kb4 Qc5+ 0-1


[Site "https://www.chess.com"]

[Event "Titled Tuesday Blitz April 11 Late 2023"]
[White "Kollars, Dmitrij"]
[Black "Paravyan, David"]
[WhiteFideId "12909572"]
[BlackFideId "4194985"]
[WhiteElo "2584"]
[BlackElo "2563"]
[Result "1-0"]
[Round "11"]
[TimeControl "180+2"]
[Date "2023.04.11"]
[WhiteClock "0:00:18"]
[BlackClock "0:00:12"]

1. e4 e5 2. Nf3 Nf6 3. Nxe5 d6 4. Nf3 Nxe4 5. Bd3 d5 6. O-O Be7 7. Re1 O-O 8. Bxe4 dxe4 9. Rxe4 c5 10. d3 Nc6 11. Nc3 Bf5 12. Re1 Bg4 13. h3 Bh5 14. Ne4 Nd4 15. g4 Nxf3+ 16. Qxf3 Bg6 17. Ng3 Qd7 18. Bd2 Rfe8 19. Bc3 Bf8 20. h4 h6 21. h5 Bh7 22. b3 b6 23. a4 Rac8 24. Kg2 a6 25. Nf5 f6 26. Kh3 b5 27. axb5 axb5 28. Re3 c4 29. dxc4 bxc4 30. b4 Rxe3 31. Nxe3 Rb8 32. Ra8 Rxa8 33. Qxa8 Bxc2 34. Nxc2 Qd3+ 35. Ne3 Qxc3 36. Qd5+ Kh8 37. b5 Qb2 38. Qd8 Kg8 39. Qd5+ Kh8 40. Nxc4 Qxf2 41. b6 Qf1+ 42. Kg3 Qg1+ 43. Kf4 Bc5 44. Qa8+ Kh7 45. Qe4+ Kh8 46. Qe8+ Kh7 47. Qe4+ Kh8 48. Kf5 Kh7 49. Ke6+ Kg8 50. b7 Ba7 51. Nd6 Qc5 52. Kd7 Qa5 53. Qe8+ Kh7 54. Qe4+ Kh8 55. Nf5 Qb5+ 56. Qc6 Qd3+ 57. Qd6 Qb5+ 58. Kc8 Qc4+ 59. Kd8 Qg8+ 60. Kd7 Qf7+ 61. Ne7 f5 62. b8=Q+ Bxb8 63. Qxb8+ Kh7 64. gxf5 Qc4 65. Qd6 Qa4+ 66. Qc6 Qd4+ 67. Ke8 Qg4 68. Qg6+ Qxg6+ 69. fxg6+ Kh8 70. Nf5 Kg8 71. Ke7 Kh8 72. Nd6 Kg8 73. Ne4 Kh8 74. Ke8 Kg8 75. Kd7 Kh8 76. Ke6 Kg8 77. Ke7 Kh8 78. Nf6 gxf6 79. Kf7 f5 80. g7+ Kh7 81. g8=Q# 1-0


[Site "https://www.chess.com"]

[Event "Titled Tuesday Blitz April 11 Late 2023"]
[White "Deac, Bogdan-Daniel"]
[Black "Makarian, Rudik"]
[WhiteFideId "1226380"]
[BlackFideId "44105681"]
[WhiteElo "2649"]
[BlackElo "2430"]
[Result "0-1"]
[Round "11"]
[TimeControl "180+2"]
[Date "2023.04.11"]
[WhiteClock "0:00:07"]
[BlackClock "0:00:12"]

1. d4 Nf6 2. Bf4 c5 3. d5 b5 4. c4 b4 5. Qc2 g6 6. e4 Bg7 7. Bd3 O-O 8. Nf3 d6 9. h3 a5 10. Nbd2 a4 11. Rb1 e5 12. dxe6 Bxe6 13. O-O Nc6 14. Rfe1 b3 15. Qc1 Nb4 16. Bf1 bxa2 17. Ra1 Qb6 18. e5 dxe5 19. Bxe5 Rfd8 20. Qc3 Bf5 21. g4 Bd3 22. g5 Nh5 23. Bxg7 Nxg7 24. Ne5 Bxf1 25. Kxf1 Rd4 26. Ne4 Nh5 27. Ng4 h6 28. Nxh6+ Kh7 29. Qf3 Rf8 30. Re2 Qd8 31. Kg2 Rxe4 32. Qxe4 Qxg5+ 33. Ng4 Nf4+ 34. Kf1 Nxe2 35. Qxe2 Kg7 36. Qf3 Re8 37. Qc3+ f6 38. Qf3 Re7 39. Qa8 Qf5 40. Kg2 Qe4+ 41. Qxe4 Rxe4 42. Ne3 Rd4 43. Nd5 Rxc4 44. Nxb4 cxb4 45. Rxa2 b3 46. Ra1 f5 47. Kf3 Kf6 48. Ke3 Rh4 49. f3 Ke5 50. Kf2 Rc4 51. Ke3 g5 52. Kd3 Rh4 53. Ke2 Rxh3 54. Rxa4 Rh2+ 55. Ke3 f4+ 56. Kd3 Rxb2 57. Ra5+ Kf6 58. Ra6+ Kf5 59. Ra5+ Kg6 60. Rb5 Rf2 61. Ke4 Re2+ 62. Kd4 Re3 0-1


[Site "https://www.chess.com"]

[Event "Titled Tuesday Blitz April 11 Late 2023"]
[White "Mammadov, Zaur"]
[Black "Martinez Alcantara, Jose Eduardo"]
[WhiteFideId "13401033"]
[BlackFideId "3805662"]
[WhiteElo "2441"]
[BlackElo "2711"]
[Result "1/2-1/2"]
[Round "11"]
[TimeControl "180+2"]
[Date "2023.04.11"]
[WhiteClock "0:00:20"]
[BlackClock "0:00:35"]

1. e4 c5 2. c3 e6 3. d4 d5 4. e5 Nc6 5. Nf3 Qb6 6. Na3 Bd7 7. Nc2 cxd4 8. cxd4 Rc8 9. Bd3 Nb4 10. Nxb4 Bxb4+ 11. Kf1 Bb5 12. g3 h6 13. Kg2 Bxd3 14. Qxd3 Qa6 15. Qd1 Ne7 16. a3 Ba5 17. h4 Qb5 18. b4 Bb6 19. h5 a6 20. g4 Kd7 21. Be3 Rc3 22. Qd2 Qd3 23. Qxd3 Rxd3 24. Rhc1 Nc6 25. Rd1 Rc3 26. Rdc1 Rd3 27. Rd1 Rb3 28. Rdb1 Rxb1 29. Rxb1 Bd8 30. Kf1 Be7 31. Ke2 Rc8 32. Kd3 b5 33. Nd2 Ra8 34. Nb3 a5 35. Nc5+ Kc7 36. f4 axb4 37. axb4 Ra3+ 38. Ke2 Ra2+ 39. Kf3 Ra3 40. Ke2 Kb6 41. Nd7+ Kc7 42. Nc5 1/2-1/2


[Site "https://www.chess.com"]

[Event "Titled Tuesday Blitz April 11 Late 2023"]
[White "Rustemov, Alexander"]
[Black "Grigoriants, Sergey"]
[WhiteFideId "4119002"]
[BlackFideId "4130804"]
[WhiteElo "2525"]
[BlackElo "2502"]
[Result "0-1"]
[Round "11"]
[TimeControl "180+2"]
[Date "2023.04.11"]
[WhiteClock "0:00:01"]
[BlackClock "0:00:06"]

1. d4 Nf6 2. c4 e6 3. Nf3 d5 4. cxd5 exd5 5. Nc3 c6 6. Bf4 Bf5 7. e3 Bd6 8. Bxd6 Qxd6 9. Nh4 Bg4 10. Qb3 Qe7 11. h3 Be6 12. Bd3 O-O 13. O-O c5 14. Qa3 b6 15. Nf3 Nc6 16. dxc5 bxc5 17. Rfc1 Rab8 18. Na4 c4 19. Qxe7 Nxe7 20. Bc2 Bd7 21. Rab1 Bxa4 22. Bxa4 Rfc8 23. Nd4 Ne4 24. b3 Nc5 25. Kf1 g6 26. Ke2 Rb6 27. g4 Rcb8 28. Ra1 Kg7 29. Rc2 Nxa4 30. bxa4 Ra6 31. Rd1 Rxa4 32. Kf3 Rb6 33. Ne2 Rab4 34. Nc3 Rb2 35. Rdd2 Rxc2 36. Rxc2 Kf6 37. Rd2 Ke5 38. Ke2 g5 39. Kf3 a5 40. Kg3 f5 41. h4 gxh4+ 42. Kxh4 f4 43. Kh5 fxe3 44. fxe3 Rf6 45. Re2 Rf3 46. Kh6 Rh3+ 47. Kg7 Nc6 48. Nb5 a4 49. g5 Ke4 50. Nd6+ Kd3 51. Re1 c3 52. Rd1+ Ke2 53. Rxd5 c2 54. Rc5 Kd1 55. Nf7 c1=Q 56. Rxc1+ Kxc1 57. Nh6 Ne5 58. Kxh7 Nf3 59. g6 Ng5+ 60. Kg7 Kb2 61. Nf5 Kxa2 62. Kf6 Ne4+ 63. Ke5 Rh1 64. Kxe4 Rg1 65. g7 a3 66. Ke5 Kb1 67. Kf6 a2 68. Nd4 a1=Q 0-1


[Site "https://www.chess.com"]

[Event "Titled Tuesday Blitz April 11 Late 2023"]
[White "Durarbayli, Vasif"]
[Black "Bortnyk, Olexandr"]
[WhiteFideId "13402935"]
[BlackFideId "14120828"]
[WhiteElo "2551"]
[BlackElo "2734"]
[Result "1-0"]
[Round "11"]
[TimeControl "180+2"]
[Date "2023.04.11"]
[WhiteClock "0:00:07"]
[BlackClock "0:00:04"]

1. e4 Nf6 2. e5 Nd5 3. d4 d6 4. c4 Nb6 5. exd6 exd6 6. Nc3 Be7 7. Bd3 O-O 8. Nge2 Bg4 9. O-O Nc6 10. Be3 Bh5 11. f3 Bg5 12. Bf2 Re8 13. b3 Bg6 14. Be4 a5 15. a4 Nd7 16. g3 Bxe4 17. Nxe4 Nb4 18. N2c3 Bh6 19. f4 d5 20. cxd5 Nb6 21. d6 cxd6 22. Qf3 Rc8 23. Rae1 g6 24. f5 d5 25. fxg6 Rf8 26. Nf6+ Kg7 27. Nxh7 Bd2 28. Nxf8 Qxf8 29. gxf7 Rxc3 30. Qg4+ Kh7 31. Qf5+ Kg7 32. Qg4+ Kh7 33. Re5 Rc6 34. Be3 Bxe3+ 35. Rxe3 Rg6 36. Qf5 Nc6 37. Re8 Nxd4 38. Qxg6+ Kxg6 39. Rxf8 Nd7 40. Rg8+ Kh7 41. f8=Q Nxf8 42. Rfxf8 1-0


[Site "https://www.chess.com"]